 Dungeon Crawl Stone Soup version 0.30.0-18-gc0e69614cb (webtiles) character file.

Game seed: 5093889114424158065

768 tizbic2 the Shooter (level 8, 0/60 HPs)
             Began as a Formicid Hunter on May 24, 2023.
             Slain by a chaos spawn (13 damage)
             ... summoned by a kobold demonologist
             ... on level 6 of the Dungeon.
             The game lasted 00:15:41 (3766 turns).

tizbic2 the Shooter (Formicid Hunter)               Turns: 3766, Time: 00:15:41

Health: 0/60       AC: 12    Str: 20    XL:     8   Next: 9%
Magic:  20/20      EV:  9    Int: 19    God:
Gold:   1292       SH:  0    Dex: 17    Spells: 7/11 levels left

rFire   + . .        v - +6 sling of Untimely Demise {drain, rF+ Int+6}
rCold   . . .        (no shield)
rNeg    . . .        F - +2 chain mail {rPois}
rPois   +            (helmet unavailable)
rElec   .            (no cloak)
rCorr   .            (no gloves)
SInv    +            y - +0 pair of boots
Will    .....        j - amulet "Vaiwikyiq" {RegenMP Fly Str+3 Int+3} Stlth
                     d - ring of magical power
HPRegen 0.30/turn    (no ring)
MPRegen 0.57/turn

%: no passive effects
@: flying
A: permanent stasis, dig shafts and tunnels, antennae 3, four strong arms
a: Dig, Shaft Self


You were on level 6 of the Dungeon.
You visited 1 branch of the dungeon, and saw 6 of its levels.

You collected 1292 gold pieces.

Inventory:

Hand Weapons
 a - a +2 shortbow
 h - a +0 mace
 v - the +6 sling of Untimely Demise (weapon) {drain, rF+ Int+6}
   (You found it on level 3 of the Dungeon)

   Int:       It affects your intelligence (+6).
   rF:        It protects you from fire.
 A - a +2 dagger of venom
Missiles
 f - 8 poisoned darts
 i - a throwing net
 o - 5 boomerangs
Armour
 c - a +0 leather armour
 y - a +0 pair of boots (worn)
 F - a +2 chain mail of poison resistance (worn)
Jewellery
 d - a ring of magical power (left hand)
 j - the amulet "Vaiwikyiq" (around neck) {RegenMP Fly Str+3 Int+3}
   (You acquired it on level 2 of the Dungeon)

   [amulet of magic regeneration]

   It increases your rate of magic regeneration.
   Str:       It affects your strength (+3).
   Int:       It affects your intelligence (+3).
   Fly:       It grants you flight.
 B - an amulet of the acrobat
Scrolls
 b - 2 scrolls of immolation
 g - a scroll of fear {unknown}
 k - 2 scrolls of enchant weapon
 m - a scroll of butterflies {unknown}
 p - 2 scrolls of poison {unknown}
 w - 3 scrolls of blinking {unknown}
 x - a scroll of fog {unknown}
 z - a scroll of amnesia
 C - 2 scrolls of vulnerability {unknown}
 E - a scroll of magic mapping {unknown}
Potions
 e - 6 potions of curing
 l - 3 potions of heal wounds
 n - 4 potions of mutation {unknown}
 q - 3 potions of attraction
 t - a potion of ambrosia
 u - a potion of magic
 D - a potion of degeneration {unknown}


   Skills:
 + Level 4.2 Fighting
 * Level 6.0 Ranged Weapons
 * Level 4.7 Armour
 - Level 1.7 Dodging
 - Level 1.2 Stealth
 + Level 3.9 Shields
 + Level 2.4 Spellcasting


You had 7 spell levels left.
You knew the following spells:

 Your Spells              Type           Power      Damage    Failure   Level
a - Wereblood             Tmut           2%         N/A       86%         2
b - Searing Ray           Conj           4%         2d4       86%         2

Your spell library contained the following spells:

 Spells                   Type           Power      Damage    Failure   Level
 Magic Dart               Conj           8%         1d3       73%         1
 Ensorcelled Hibernation  Hex/Ice        4%         N/A       86%         2
 Passwall                 Tmut/Erth      1%         N/A       86%         2
 Sublimation of Blood     Necr           2%         N/A       86%         2
 Portal Projectile        Hex/Tloc       4%         N/A       98%         3
 Tukima's Dance           Hex            2%         N/A       98%         3
 Fulminant Prism          Conj/Hex       1%         3d5       100%        4
 Blade Hands              Tmut           1%         N/A       100%        5
 Summon Hydra             Summ           1%         N/A       100%        7
 Swiftness                Air            Unusable   N/A       N/A         3

Dungeon Overview and Level Annotations

Branches:
Dungeon (6/15)
 Temple: D:4-7

Altars:
Fedhas

Annotations:
D:5 3 runed translucent doors, croobank's ghost, novice GnTm


Innate Abilities, Weirdness & Mutations

You cannot be hasted, slowed, berserked, paralysed or teleported.
You can dig through walls and to a lower floor.
You have a pair of large antennae on your head. (SInv)
Your four strong arms can wield two-handed weapons with a shield.


Message History

The sling bullet hits the kobold demonologist.
The kobold demonologist is heavily wounded.
The kobold demonologist mumbles some strange words.
The kobold demonologist gestures wildly while chanting.
You shoot a sling bullet.
The sling bullet hits the kobold demonologist.
The kobold demonologist is heavily wounded.
The shadow imp disappears in a puff of smoke!
The chaos spawn barely misses you.
The kobold demonologist mumbles some strange words.
You shoot a sling bullet.
The sling bullet closely misses the chaos spawn.
The kobold demonologist hits you but does no damage.
The chaos spawn completely misses you.
You shoot a sling bullet. The sling bullet hits the chaos spawn.
The chaos spawn is lightly wounded.
The kobold demonologist hits you but does no damage.
The chaos spawn gores you. The chaos spawn shocks you.
The chaos spawn hits you!
The chaos spawn draws strength from your injuries!
The kobold demonologist hits you but does no damage.
You shoot a sling bullet. The sling bullet hits the chaos spawn.
The chaos spawn is lightly wounded.
The chaos spawn hits you!
The kobold demonologist hits you with a +0 dagger.
The kobold demonologist gestures wildly while chanting.
You shoot a sling bullet. The sling bullet hits the chaos spawn.
The chaos spawn is lightly wounded.
The chaos spawn misses you.
The kobold demonologist begins to cast a cantrip, but forgets the words!
The kobold demonologist looks braver for a moment.
The kobold demonologist casts a cantrip, but nothing happens.
The chaos spawn gores you! The chaos spawn shocks you!
* * * LOW HITPOINT WARNING * * *
You shoot a sling bullet.
The sling bullet completely misses the chaos spawn.
You hear a chilling moan.
The kobold demonologist hits you but does no damage.
The chaos spawn gores you!
You die...

..# ## .. .5# . ##. KK.#.
.. ..{##.# #)#K..#
####{K5..##
###..##{K53.###.
#.....##KK4.....
#...4@##5##...
#.#..##...#
####........#..##.....##
#........###............
##.........#.............
#.......##...............
###....###...............
##.........## #........
#...#..#.### #......##


You could see 2 kobold demonologists, a smoke demon (summoned), 2 chaos spawn, a
kobold brigand, a white imp (summoned), a shadow imp (summoned) and a kobold.

Vanquished Creatures
  An ice beast (D:5)
  A black bear (D:6)
  An ogre (D:3)
  A phantom (D:5)
  A bullfrog (D:6)
  A scorpion (D:5)
  2 hounds
  An orc priest (D:4)
  An orc wizard (D:4)
  A gnoll (D:1)
  6 adders
  A white imp (D:6)
  An ufetubus (D:5)
  4 worms
  4 dart slugs
  5 orcs
  4 bats
  7 endoplasms
  6 giant cockroaches
  14 goblins
  7 hobgoblins
  3 jackals (D:4)
  5 quokkas
  3 ball pythons
  2 frilled lizards
  7 kobolds
  3 rats
93 creatures vanquished.

Notes
Turn   | Place    | Note
-------+----------+-------------------------------------------
     0 | D:1      | tizbic2 the Formicid Hunter began the quest for the Orb.
     0 | D:1      | Reached XP level 1. HP: 16/16 MP: 1/1
    29 | D:1      | Reached XP level 2. HP: 22/22 MP: 2/2
   191 | D:1      | Reached skill level 1 in Armour
   260 | D:1      | Reached skill level 1 in Shields
   383 | D:1      | Reached XP level 3. HP: 28/28 MP: 3/3
   869 | D:2      | Identified a scroll of acquirement
   869 | D:2      | Acquired the amulet "Vaiwikyiq" {RegenMP Fly Str+3 Int+3}
   882 | D:2      | Learned a level 2 spell: Wereblood
   884 | D:2      | Found a faded altar of an unknown god.
   978 | D:2      | Reached XP level 4. HP: 13/34 MP: 4/4
  1243 | D:2      | Found a blossoming altar of Fedhas.
  1490 | D:3      | Acquired 1059 gold pieces
  1636 | D:3      | Identified the +6 sling of Untimely Demise {drain, rF+
                  | Int+6}
  1762 | D:3      | Noticed an ogre
  1775 | D:3      | Killed an ogre
  1776 | D:3      | Reached XP level 5. HP: 18/41 MP: 6/6
  1944 | D:3      | Reached skill level 1 in Spellcasting
  2067 | D:3      | Reached skill level 5 in Ranged Weapons
  2067 | D:3      | Reached XP level 6. HP: 47/47 MP: 7/7
  3228 | D:5      | Entered Level 5 of the Dungeon
  3248 | D:5      | Noticed croobank's ghost (novice GnTm)
  3250 | D:5      | Noticed an ice beast
  3254 | D:5      | Found a runed translucent gate.
  3254 | D:5      | Found a runed translucent gate.
  3256 | D:5      | Found a runed translucent gate.
  3311 | D:5      | Noticed an ice beast
  3318 | D:5      | Killed an ice beast
  3319 | D:5      | Reached XP level 7. HP: 47/53 MP: 9/9
  3613 | D:6      | Reached skill level 6 in Ranged Weapons
  3613 | D:6      | Reached XP level 8. HP: 60/60 MP: 11/11
  3677 | D:6      | Learned a level 2 spell: Searing Ray
  3747 | D:6      | Noticed a kobold demonologist
  3749 | D:6      | Noticed a kobold demonologist
  3762 | D:6      | Noticed a smoke demon
  3766 | D:6      | Slain by a chaos spawn

Illustrated notes

Levels and vault maps discovered:
D:1:      reono_arrival_mine, layout_loops_ring, minmay_ruptured
D:2:      minmay_spotlight, layout_loops_cross, basic_ecumenical_altar,
          basic_altar
D:3:      layout_loops_ring, minmay_ogre_servants
D:4:      layout_layer_cave
D:5:      layout_rooms, gammafunk_ghost_split
D:6:      layout_cave_pools

Skill      XL: |  1  2  3  4  5  6  7 |
---------------+----------------------+-----
Armour         | 1 2 3 4 |  4.7
Shields        | 1 2 3 |  3.9
Fighting       | 3 4 |  4.2
Spellcasting   | 1 2 |  2.4
Ranged Weapons | 5 6 |  6.0
Dodging        | |  1.7
Stealth        | |  1.2

Action                     |  1- 3 |  4- 6 |  7- 9 || total
---------------------------+-------+-------+-------++-------
   Fire: Shortbow          |    75 |    41 |       ||   116
         Sling             |       |    92 |    56 ||   148
   Cast: Searing Ray       |       |       |     1 ||     1
    Use: Scroll            |     2 |     8 |     2 ||    12
 Armour: Leather armour    |     9 |     6 |       ||    15
         Scale mail        |       |    13 |       ||    13
         Chain mail        |       |     7 |    28 ||    35
  Dodge: Dodged            |    23 |    34 |    24 ||    81
